 Dungeon Crawl Stone Soup version 0.30-a0-422-g946f4849ff (webtiles) character file.

Game seed: 7178214038231863168

102 McMuffin the Trooper (level 4, -1/41 HPs)
             Began as a Hill Orc Fighter on Dec 8, 2022.
             Slain by a gnoll sergeant
             ... wielding a +3 vorpal trident
              (4 damage)
             ... on level 3 of the Dungeon.
             The game lasted 00:05:21 (822 turns).

McMuffin the Trooper (Hill Orc Fighter)              Turns: 822, Time: 00:05:22

Health: -1/41      AC: 11    Str: 20    XL:     4   Next: 78%
Magic:  4/4        EV:  7    Int:  8    God:
Gold:   60         SH:  4    Dex: 10    Spells: 3/3 levels left

rFire   . . .      SeeInvis .    a - +0 war axe
rCold   . . .      Faith    .    c - +0 buckler
rNeg    . . .      Spirit   .    m - +0 chain mail
rPois   .          Reflect  .    q - +0 helmet
rElec   .          Harm     .    (no cloak)
rCorr   .          Rampage  .    r - +0 pair of gloves
Will    .....                    (no boots)
Stlth   ..........               (no amulet)
HPRegen 0.26/turn                (no ring)
MPRegen 0.09/turn                (no ring)

@: no status effects
A: no striking features
a: no special abilities


You were on level 3 of the Dungeon.
You visited 1 branch of the dungeon, and saw 3 of its levels.

You collected 60 gold pieces.

Inventory:

Hand Weapons
 a - a +0 war axe (weapon)
Missiles
 e - a boomerang (quivered)
 f - 2 poisoned darts
Armour
 b - a +0 scale mail
 c - a +0 buckler (worn)
 m - a +0 chain mail (worn)
 q - a +0 helmet (worn)
 r - a +0 pair of gloves (worn)
Scrolls
 g - a scroll of identify {unknown}
 i - 3 scrolls of enchant armour {unknown}
 j - a scroll of magic mapping {unknown}
 k - a scroll of poison {unknown}
 l - a scroll of noise {unknown}
 s - a scroll of summoning {unknown}
Potions
 d - a potion of might
 h - a potion of haste {unknown}
 n - a potion of heal wounds {unknown}
 o - a potion of cancellation {unknown}


   Skills:
 + Level 4.4 Fighting
 + Level 4.1 Axes
 + Level 0.4 Throwing
 + Level 3.7 Armour
 + Level 0.4 Dodging
 + Level 4.1 Shields


You had 3 spell levels left.
You didn't know any spells.
Your spell library was empty.

Dungeon Overview and Level Annotations

Branches:
Dungeon (3/15)

Altars:


Message History

Aim: a gnoll sergeant, wielding a +3 vorpal trident and wearing a +0 scale mail (lightly wounded, 65% to hit)
You throw a boomerang.
The boomerang hits the gnoll sergeant but does no damage.
The gnoll sergeant is lightly wounded.
You block the gnoll sergeant's attack. x2
The gnoll sergeant hits you with a +3 vorpal trident.
You hit the gnoll sergeant but do no damage.
The gnoll sergeant is lightly wounded.
You hit the plant.
The plant begins to die.
The gnoll sergeant hits you with a +3 vorpal trident.
You closely miss the gnoll sergeant.
The gnoll sergeant is lightly wounded.
You hit the plant. The gnoll sergeant barely misses you.
You hit the gnoll sergeant.
The gnoll sergeant is lightly wounded.
You slash the plant!
A nearby plant withers and dies.
You block the gnoll sergeant's attack.
The gnoll sergeant hits you with a +3 vorpal trident!
You barely miss the gnoll sergeant.
The gnoll sergeant is lightly wounded.
The gnoll sergeant barely misses you.
You closely miss the gnoll sergeant.
The gnoll sergeant is lightly wounded.
The gnoll sergeant barely misses you.
You hit the gnoll sergeant.
The gnoll sergeant is moderately wounded.
The gnoll sergeant hits you with a +3 vorpal trident!
* * * LOW HITPOINT WARNING * * *
x2 You completely miss the gnoll sergeant.
The gnoll sergeant is moderately wounded.
The gnoll sergeant completely misses you.
The gnoll sergeant hits you with a +3 vorpal trident.
* * * LOW HITPOINT WARNING * * *
x2 It was a potion of curing.
You feel better.
The gnoll sergeant hits you but does no damage.
You feel better.
The gnoll sergeant hits you with a +3 vorpal trident!
* * * LOW HITPOINT WARNING * * *
x2 The gnoll sergeant hits you from afar with a +3 vorpal trident.
You die...

#.~~~≈~~♣# ##
.~~≈≈~~.# ...
♣.~≈~~~.
#.#♣~P~P~~ ##
#...~.~~~ ..#
###...P.~.♣...#
.......g...# #
#. #).###..#
#..##.@....#
#......#####
#####.##
#+######## #.#
#........### #.#
#.#..~.....# #.#
.#..~.....# #.#
...~...~...###.#
.............#.#


You could see a gnoll sergeant.

Vanquished Creatures
  Jessica (D:2)
  An iguana (D:3)
  Robin (D:2)
  A worm (D:2)
  2 orcs
  3 bats
  2 endoplasms
  A giant cockroach (D:3)
  2 goblins (D:2)
  10 hobgoblins
  2 jackals (D:1)
  A kobold (D:2)
  2 quokkas
  A frilled lizard (D:1)
  A rat (D:1)
31 creatures vanquished.

Vanquished Creatures (others)
  A plant (D:3)
1 creature vanquished.

Grand Total: 32 creatures vanquished

Notes
Turn   | Place    | Note
-------+----------+-------------------------------------------
     0 | D:1      | McMuffin the Hill Orc Fighter began the quest for the Orb.
     0 | D:1      | Reached XP level 1. HP: 19/19 MP: 1/1
   230 | D:1      | Reached XP level 2. HP: 16/27 MP: 2/2
   507 | D:2      | Noticed Jessica
   511 | D:2      | Killed Jessica
   512 | D:2      | Reached XP level 3. HP: 31/33 MP: 3/3
   546 | D:2      | Noticed Robin
   561 | D:2      | Killed Robin
   562 | D:2      | Reached XP level 4. HP: 20/41 MP: 4/4
   804 | D:3      | Noticed a gnoll sergeant
   822 | D:3      | Slain by a gnoll sergeant

Illustrated notes

Levels and vault maps discovered:
D:1:      ncdulo_smallfort, layout_basic
D:2:      minmay_general_purpose_star, layout_basic, uniq_jessica, uniq_terence,
          uniq_sigmund, uniq_robin
D:3:      layout_loops_corners, hellmonk_ecumenical_altar_inner_sanctum,
          grunt_decor_mini_mirrors, minmay_misc_feat_plants,
          serial_bayou_pond_c, serial_bayou_pond_b,
          chequers_serial_rivers_micro_c

Skill      XL: |  1  2  3  4 |
---------------+-------------+-----
Axes           | 3 4 |  4.1
Fighting       | 4 |  4.4
Shields        | 4 |  4.1
Throwing       | |  0.4
Armour         | |  3.7
Dodging        | |  0.4

Action                   |  1- 3 |  4- 6 || total
-------------------------+-------+-------++-------
Melee: War axe           |    43 |    36 ||    79
Throw: Boomerang         |     9 |    10 ||    19
  Use: Potion            |       |     2 ||     2
Armor: Scale mail        |    13 |       ||    13
       Chain mail        |    15 |    17 ||    32
Dodge: Dodged            |    25 |    11 ||    36
Block: Buckler           |    17 |     9 ||    26

Table legend: (Time is in decaauts)
 A = Elapsed time spent in this place.
 B = Non-inter-level travel time spent in this place.
 C = Inter-level travel time spent in this place.
 D = Time resting spent in this place.
 E = Time spent auto-exploring this place.
 F = Levels seen in this place.
 G = Mean time per level.
                   A        B        C        D        E       F      G
               +--------+--------+--------+--------+--------+-----+--------+
         Total |    856 |    856 |      0 |      0 |      0 |   3 |  285.3 |
       Dungeon |    856 |    856 |      0 |      0 |      0 |   3 |  285.3 |
               +--------+--------+--------+--------+--------+-----+--------+

Top non-repeatable levels by time:
     D:1: 425 daAuts
     D:2: 360 daAuts
     D:3: 70 daAuts
